 Dungeon Crawl Stone Soup version 0.30-a0-1016-gfb0d676c02 (webtiles) character file.

Game seed: 17577467537539434140

286 Pimp the Slasher (level 6, -1/48 HPs)
             Began as a Barachi Reaver on Apr 6, 2023.
             Was a Priest of Nemelex Xobeh.
             Slain by a gnoll
             ... wielding a +0 whip
              (3 damage)
             ... on level 4 of the Dungeon.
             The game lasted 00:06:24 (3580 turns).

Pimp the Slasher (Barachi Reaver)                   Turns: 3580, Time: 00:06:24

Health: -1/48      AC:  9    Str: 13    XL:     6   Next: 30%
Magic:  11/11      EV: 11    Int: 14    God:    Nemelex Xobeh [***...]
Gold:   146        SH:  0    Dex: 12    Spells: 10/11 levels left

rFire   . . .      SeeInvis +    a - +1 falchion
rCold   . . .      Faith    .    (no shield)
rNeg    . . .      Spirit   .    l - +4 ring mail
rPois   +          Reflect  .    (no helmet)
rElec   .          Rampage  .    d - scarf {repulsion}
rCorr   .                        (no gloves)
Will    .....                    (no boots)
Stlth   +                        (no amulet)
HPRegen 0.28/turn                h - ring of see invisible
MPRegen 0.12/turn                o - ring of poison resistance

@: repel missiles, slow
A: amphibious, slowness 1, strong legs 1, +LOS
a: Hop, Renounce Religion, Draw Escape, Draw Destruction, Draw Summoning, Triple
Draw


You were on level 4 of the Dungeon.
You worshipped Nemelex Xobeh.
Nemelex Xobeh was most pleased with you.
You visited 1 branch of the dungeon, and saw 4 of its levels.

You collected 146 gold pieces.

Inventory:

Hand Weapons
 a - a +1 falchion (weapon)
Armour
 b - a +1 leather armour
 d - a scarf of repulsion (worn)
 l - a +4 ring mail (worn)
 m - a +0 cloak
Jewellery
 h - a ring of see invisible (left hand)
 o - a ring of poison resistance (right hand)
Wands
 c - a wand of mindburst (16)
Scrolls
 i - 3 scrolls of fear
Potions
 e - a potion of lignification {unknown}
 f - a potion of heal wounds
 g - 2 potions of curing
 j - 2 potions of might
 k - a potion of haste {unknown}


   Skills:
 + Level 4.0 Fighting
 + Level 4.9 Long Blades
 + Level 3.7 Dodging
 + Level 3.4 Spellcasting
 + Level 4.3 Conjurations


You had 10 spell levels left.
You knew the following spells:

 Your Spells              Type           Power      Damage    Failure   Level
a - Kiss of Death         Conj/Necr      32%        2d7       19%         1

Your spell library contained the following spells:

 Spells                   Type           Power      Damage    Failure   Level
 Momentum Strike          Conj/Tloc      16%        3d8       28%         2
 Slow                     Hex            8%         N/A       41%         1
 Hailstorm                Conj/Ice       8%         3d4       50%         3
 Confusing Touch          Hex            2%         N/A       80%         3
 Vampiric Draining        Necr           2%         2d6       80%         3
 Dispel Undead            Necr           2%         3d7       99%         4
 Chain Lightning          Conj/Air       4%         3d5       100%        9
 Fire Storm               Conj/Fire      4%         8d1       100%        9
 Shatter                  Erth           1%         3d5*      100%        9


Dungeon Overview and Level Annotations

Branches:
Dungeon (4/15)
 Temple: D:4-7

Altars:
Gozag
Hepliaklqana
Nemelex Xobeh
Okawaru
Yredelemnul
Zin


Innate Abilities, Weirdness & Mutations

You are amphibious.
You cover ground slowly.
You can hop short distances.
You have an extended range of vision and can be seen from far away.


Message History

The gnoll shouts!
The gnoll hits you from afar with a +0 heavy spear.
You hit the gnoll.
The gnoll is lightly wounded.
The gnoll hits you with a +0 heavy spear.
You closely miss the gnoll.
The gnoll is lightly wounded.
The gnoll closely misses you. The gnoll barely misses you.
The gnoll hits you from afar with a +0 heavy spear!
The gnoll attacks as you move away! The gnoll hits you with a +0 club.
You hit the gnoll.
The gnoll is moderately wounded.
The gnoll hits you with a +0 club.
You slash the gnoll!
You kill the gnoll!
You closely miss the gnoll. The gnoll hits you with a +0 whip.
The gnoll barely misses you.
You barely miss the gnoll. The gnoll hits you with a +0 whip.
The gnoll closely misses you.
You hit the gnoll.
The gnoll is heavily wounded.
The gnoll hits you with a +0 whip. The gnoll barely misses you.
You barely miss the gnoll.
The gnoll is heavily wounded.
The gnoll hits you with a +0 whip. The gnoll closely misses you.
The gnoll barely misses you.
The gnoll hits you from afar with a +0 halberd!
* * * LOW HITPOINT WARNING * * *
You hit the gnoll.
The gnoll is severely wounded.
The gnoll hits you but does no damage. The gnoll hits you with a +0 whip.
* * * LOW HITPOINT WARNING * * *
The gnoll barely misses you. The gnoll attacks as you move away!
The gnoll hits you but does no damage.
The gnoll hits you from afar with a +0 heavy spear!
* * * LOW HITPOINT WARNING * * *
You draw a card...
You have drawn Velocity.
The gnoll seems to slow down. x3
The gnoll hits you with a +0 whip.
You die...
Your body glows slightly and disappears.

# #.# .# #.#####'# #....
.# #........ #.#.#
.####.#######
###.#.###.#....#
+.........#....#
#...g#.##....# #
...###.#g.#)#####.#######
.........g.## ##......)
......#@###♣♣♣♣.########
.... #.#..♣._.♣♣.#.....
.. #.................
#............##.##
#.................
#.#...............
.#####+#..........####.##
............#..##........
............#..##.####.##


You could see 3 gnolls.

Vanquished Creatures
  A hound (D:3)
  2 orc priests
  Ijyb (D:4)
  An orc wizard (D:4)
  A hound zombie (D:3)
  A gnoll (D:4)
  4 adders
  2 adder zombies (D:3)
  21 orcs
  2 endoplasms (D:1)
  3 goblins
  2 hobgoblins (D:1)
  3 jackals (D:2)
  4 kobolds
  A quokka (D:1)
  11 ball pythons
  4 bats
  3 frilled lizards
  A giant cockroach zombie (D:3)
  5 rats
73 creatures vanquished.

Notes
Turn   | Place    | Note
-------+----------+-------------------------------------------
     0 | D:1      | Pimp the Barachi Reaver began the quest for the Orb.
     0 | D:1      | Reached XP level 1. HP: 17/17 MP: 3/3
   113 | D:1      | You fall into a shaft and drop 1 floor!
   128 | D:2      | Reached XP level 2. HP: 14/23 MP: 5/5
   204 | D:2      | Found a faded altar of an unknown god.
   218 | D:2      | Prayed at the altar of an unknown god.
   218 | D:2      | Became a worshipper of Nemelex Xobeh the Trickster
   218 | D:2      | Reached * piety under Nemelex Xobeh
   218 | D:2      | Received a gift from Nemelex Xobeh
   256 | D:2      | Found an iron altar of Okawaru.
   417 | D:2      | Reached XP level 3. HP: 16/28 MP: 6/6
   686 | D:2      | Received a gift from Nemelex Xobeh
   976 | D:2      | Reached ** piety under Nemelex Xobeh
  1729 | D:1      | Received a gift from Nemelex Xobeh
  1952 | D:3      | Reached XP level 4. HP: 25/35 MP: 8/8
  2439 | D:3      | Found a faded altar of an unknown god.
  2442 | D:3      | Found an opulent altar of Gozag.
  2493 | D:3      | Found a hazy altar of Hepliaklqana.
  2600 | D:3      | Reached XP level 5. HP: 41/41 MP: 9/9
  2710 | D:3      | Found a basalt altar of Yredelemnul.
  3028 | D:4      | Reached *** piety under Nemelex Xobeh
  3075 | D:4      | Noticed Ijyb
  3090 | D:4      | Killed Ijyb
  3091 | D:4      | Reached XP level 6. HP: 39/48 MP: 9/11
  3439 | D:4      | Found a glowing silver altar of Zin.
  3579 | D:4      | HP: 2/48 [gnoll/+0 heavy spear (9)]
  3580 | D:4      | Slain by a gnoll

Illustrated notes

Levels and vault maps discovered:
D:1:      matt_arrival_grand_opening, layout_basic, dreamdust_mushroom_princess,
          feat_on_display
D:2:      layout_loops_corners, basic_altar, chequers_ecumenical_altar_simple,
          solitary_fountain, grunt_decor_mini_mirrors
D:3:      layout_loops_cross, nicolae_overflow_ecumenical_swirl,
          mainiacjoe_overflow_catwalk, nicolae_yredelemnul_corpse_copse,
          chequers_serial_rivers_micro_c
D:4:      layout_basic, zin_academy, nicolae_hexahallways, uniq_ijyb

Skill      XL: |  1  2  3  4  5  6 |
---------------+-------------------+-----
Long Blades    | 4 |  4.9
Fighting       | 3 4 |  4.0
Dodging        | 3 |  3.7
Spellcasting   | 3 |  3.4
Conjurations   | 4 |  4.3

Action                     |  1- 3 |  4- 6 || total
---------------------------+-------+-------++-------
  Melee: Falchion          |   122 |   188 ||   310
         Punch             |       |     1 ||     1
 Invoke: Draw Summoning    |       |     1 ||     1
         Draw Escape       |       |     1 ||     1
    Use: Scroll            |     2 |    13 ||    15
         Potion            |       |     2 ||     2
   Stab: Sleeping          |     1 |       ||     1
 Armour: Leather armour    |    48 |       ||    48
         Ring mail         |     3 |    73 ||    76
  Dodge: Dodged            |    85 |   114 ||   199

Table legend: (Time is in decaauts)
 A = Elapsed time spent in this place.
 B = Non-inter-level travel time spent in this place.
 C = Inter-level travel time spent in this place.
 D = Time resting spent in this place.
 E = Time spent auto-exploring this place.
 F = Levels seen in this place.
 G = Mean time per level.
                   A        B        C        D        E       F      G
               +--------+--------+--------+--------+--------+-----+--------+
         Total |   4092 |   3862 |    230 |    351 |   2723 |   4 | 1023.0 |
       Dungeon |   4092 |   3862 |    230 |    351 |   2723 |   4 | 1023.0 |
               +--------+--------+--------+--------+--------+-----+--------+

Top non-repeatable levels by time:
     D:2: 1313 daAuts
     D:3: 1162 daAuts
     D:1: 826 daAuts
     D:4: 790 daAuts
